 Dungeon Crawl Stone Soup version 0.31-a0-845-g9abc20d24f (webtiles) character file.

Game seed: 10359555545485815864

122936 Kurtz the Severer (level 16, -1/95 (116) HPs)
             Began as an Octopode Fighter on Oct 1, 2023.
             Was an Initiate of Gozag.
             Slain by Donald
             ... wielding a +0 broad axe of draining
              (5 damage)
             ... on level 1 of the Swamp.
             The game lasted 01:13:28 (33747 turns).

Kurtz the Severer (Octopode Fighter)               Turns: 33747, Time: 01:13:29

HP:   -1/95 (116)   AC: 11    Str: 17    XL:     16   Next: 89%
MP:   24/24         EV: 22    Int: 23    God:    Gozag
Gold: 502           SH: 19    Dex: 20    Spells: 20/25 levels left

rFire   + . .        v - +6 broad axe (venom)
rCold   + . .        r - +0 kite shield
rNeg    . . .        S - +2 hat "Qyskohurau" {Rampage Regen+ SInv, Party Hat}
rPois   +            b - amulet of reflection
rElec   +            L - ring of protection from fire
rCorr   +            x - ring of the Telling Gods {Fly rCorr Str-2 Int+6 Dex+3 Stlth+}
SInv    +            c - ring of willpower
Will    ++...        q - +4 ring of protection
Stlth   +++++        s - +4 ring of protection
HPRegen 1.15/turn    F - ring of poison resistance
MPRegen 0.19/turn    T - ring of Peifued {rElec Str+2 Int+6}
                     A - ring of protection from cold

%: reflection, rampage
@: flying, studying 2 skills, heavily drained
A: almost no armour, amphibious, 8 rings, camouflage 1, gelatinous body 1,
(nimble swimmer 1), tentacles
a: Renounce Religion, Potion Petition, Call Merchant, Bribe Branch


You were on level 1 of the Swamp.
You worshipped Gozag.
Gozag was pleased with you.
You visited 6 branches of the dungeon, and saw 26 of its levels.
You also visited: Bailey, Gauntlet and Ice Cave.

You collected 9077 gold pieces.
You spent 4069 gold pieces at shops.
You paid 4506 gold pieces to Gozag.

Inventory:

Hand Weapons
 h - a +2 hand axe of flaming
 v - a +6 broad axe of venom (weapon)
 R - the +11 whip of Purpose {chaos, Fly}
   (You found it on level 5 of the Lair of Beasts)

   Fly:       It grants you flight.
Missiles
 G - 25 poisoned darts
 M - 7 javelins
 O - 18 boomerangs
Armour
 r - a +0 kite shield (worn)
 S - the +2 hat "Qyskohurau" (worn) {Rampage Regen+ SInv, Party Hat}
   (You found it in a Gauntlet)

   SInv:      It lets you see invisible.
   Regen+:    It increases your rate of health regeneration.
   Rampage:   It bestows one free step when moving towards enemies.
 U - a +2 buckler of cold resistance
Jewellery
 b - an amulet of reflection (around mantle)
 c - a ring of willpower (on tentacle)
 m - a +6 ring of dexterity
 q - a +4 ring of protection (on tentacle)
 s - a +4 ring of protection (on tentacle)
 x - the ring of the Telling Gods (right tentacle) {Fly rCorr Str-2 Int+6 Dex+3 Stlth+}
   (You found it in a Gauntlet)

   [ring of intelligence]

   Str-2:     It affects your strength (-2).
   Int+6:     It affects your intelligence (+6).
   Dex+3:     It affects your dexterity (+3).
   Fly:       It grants you flight.
   rCorr:     It protects you from acid and corrosion.
   Stlth+:    It makes you more stealthy.
 A - a ring of protection from cold (on tentacle)
 B - a ring of protection from cold
 F - a ring of poison resistance (on tentacle)
 K - a +6 ring of strength
 L - a ring of protection from fire (left tentacle)
 N - a ring of positive energy
 T - the ring of Peifued (on tentacle) {rElec Str+2 Int+6}
   (You bought it in a shop on level 1 of the Orcish Mines)

   [ring of intelligence]

   Str+2:     It affects your strength (+2).
   Int+6:     It affects your intelligence (+6).
   rElec:     It insulates you from electricity.
Wands
 l - a wand of polymorph (5)
 H - a wand of digging (4)
Scrolls
 a - 3 scrolls of teleportation
 n - a scroll of silence
 o - 3 scrolls of fear
 p - 2 scrolls of noise
 u - a scroll of enchant armour
 w - a scroll of revelation
 y - 4 scrolls of fog
 z - 6 scrolls of identify
 C - 3 scrolls of immolation
 J - a scroll of butterflies
 Q - a scroll of poison
Potions
 d - 3 potions of magic
 e - 12 potions of curing
 f - 4 potions of heal wounds
 g - 2 potions of enlightenment
 j - 4 potions of mutation
 k - a potion of haste
 t - 3 potions of cancellation
 D - 2 potions of ambrosia
 I - 3 potions of lignification
 P - 4 potions of brilliance
Miscellaneous
 E - a phial of floods (inert) (quivered)


   Skills:
 - Level 12.8 Fighting
 - Level 18.0 Axes
 + Level 13.7 Dodging
 - Level 4.5 Stealth
 * Level 14.1 Shields
 - Level 5.3 Spellcasting
 - Level 5.3 Transmutations


You had 20 spell levels left.
You knew the following spells:

 Your Spells              Type           Power      Damage    Failure   Level
a - Wereblood             Tmut           30%        N/A       2%          2
b - Ozocubu's Armour      Ice            6%         N/A       43%         3

Your spell library contained the following spells:

 Spells                   Type           Power      Damage    Failure   Level
 Apportation              Tloc           12%        N/A       16%         1
 Ensorcelled Hibernation  Hex/Ice        12%        N/A       24%         2
 Jinxbite                 Hex            12%        N/A       24%         2
 Lesser Beckoning         Tloc           12%        N/A       24%         2
 Momentum Strike          Conj/Tloc      12%        3d8       24%         2
 Sublimation of Blood     Necr           6%         N/A       24%         2
 Gell's Gravitas          Tloc           6%         N/A       43%         3
 Inner Flame              Hex/Fire       6%         N/A       43%         3
 Teleport Other           Tloc           6%         N/A       43%         3
 Volatile Blastmotes      Fire/Tloc      12%        2d11      43%         3
 Alistair's Intoxication  Tmut/Pois      12%        N/A       82%         5
 Flame Wave               Conj/Fire      6%         2d5       83%         4
 Fulminant Prism          Conj/Hex       3%         3d5       83%         4
 Iskenderun's Mystic Bla  Conj/Tloc      6%         2d4       83%         4
 Sticky Flame             Conj/Fire      6%         2d3       83%         4
 Vhi's Electric Charge    Tloc/Air       12%        N/A       83%         4
 Metabolic Englaciation   Hex/Ice        3%         N/A       99%         5
 Ozocubu's Refrigeration  Ice            3%         4d8       100%        7
 Summon Hydra             Summ           3%         N/A       100%        7
 Chain Lightning          Conj/Air       3%         3d4       100%        9
 Fire Storm               Conj/Fire      3%         8d1       100%        9
 Shatter                  Erth           3%         3d7*      100%        9
 Simulacrum               Ice/Necr       Unusable   N/A       N/A         6

Dungeon Overview and Level Annotations

Branches:
Dungeon (15/15)            Temple (1/1) D:5            Lair (5/5) D:10
  Swamp (1/4) Lair:3        Snake (2/4) Lair:3        Slime (0/5) Lair:5
    Orc (2/2) D:11            Elf (0/3) Orc:2        Vaults (0/5) D:13
 Depths (0/4) D:15         Bailey (visited)           IceCv (visited)
Gauntlet (visited)

Altars:
Ashenzari
Cheibriados
Dithmenos
Elyvilon
Fedhas
Gozag
Hepliaklqana
Kikubaaqudgha
Makhleb
Nemelex Xobeh
Okawaru
Qazlal
Ru
Sif Muna
Trog
Uskayaw
Vehumet
Wu Jian
Xom
Yredelemnul
Zin
The Shining One
Lugonu

Shops:
D:1 [   D:5 =   D:10 [*([   Orc:1 =   Orc:2 *!:(   Lair:1 [??!

Portals:
Abyss: Lair:5

Annotations:
D:2 1 runed translucent door, Crazy Yiuf
D:4 exclusion: downstairs
D:5 exclusion: door
D:12 exclusion: downstairs
D:13 exclusion: gargoyle, Rupert
D:14 2 transporters, Caciup's ghost, journeyman GrFi
Lair:3 exclusion: 2 downstairs
Lair:4 2 transporters, Ducw's ghost, journeyman DsFE
Swamp:1 Donald
Snake:2 exclusion: naga sharpshooter, Vashnia


Innate Abilities, Weirdness & Mutations

You cannot wear most types of armour.
You are amphibious.
You can wear up to eight rings at the same time.
Your skin changes colour to match your surroundings (Stealth+).
Your rubbery body absorbs attacks. (AC +1, EV +1)
((You are camouflaged when in or above water. (Stealth+)))
You have tentacles for arms and can constrict up to eight enemies at once.


Message History

Found a potion of heal wounds and a book of Blood.
Donald says, "They wouldn't let me join their adventuring club without the Orb."
Donald closely misses you.
You slice Donald!!
Donald looks as sick as possible!
You grab Donald. Donald blocks your attack.
Donald is moderately wounded.
You constrict Donald.
Donald hits you with a +0 broad axe of draining!!!
You feel drained.
You hit Donald.
Donald is heavily wounded.
You constrict Donald.
Donald mumbles some strange words.
Donald seems to speed up.
Donald blocks your attack.
Donald is heavily wounded.
You constrict Donald. Donald says, "Don't you hate leeches?
I know I do."
You block Donald's attack.
You hit Donald. You squeeze Donald, but do no damage.
Donald is heavily wounded.
You constrict Donald. You block Donald's attack.
The alligator completely misses you. The alligator barely misses you.
Donald blocks your attack.
You squeeze Donald, but do no damage.
Donald is severely wounded.
You slash the alligator!
The alligator is poisoned.
You constrict Donald, but do no damage.
Donald hits you with a +0 broad axe of draining!!
You feel drained.
You hit Donald but do no damage. Donald blocks your attack.
Donald is severely wounded.
You hit the alligator.
The alligator looks as sick as possible!
You constrict Donald.
Donald hits you with a +0 broad axe of draining!!!
* * * LOW HITPOINT WARNING * * *
You feel drained.
You die...
Donald says, "Well, maybe you weren't so bad after all."
Your body crumbles into a pile of gold.

...~~~.♣ ♣.
♣♣♣...~~.♣♣..
♣~...?...♣...
♣........~...
♣♣.....§~♣~♣.
♣♣♣....)..~(...
♣~.♣...~..(.~~:
♣.$♣♣~~@~~~.~..
♣♣♣.$..t@.♣~.!.
♣~[.$.....♣ .
♣.#####....♣
♣<~#.##.......
♣.~..##......~
♣♣~...#......§~
♣♣..##.###...~
...# ## ...


You could see Donald (fast, strong, very poisoned, reflecting) and an alligator
(extremely poisoned).

Vanquished Creatures
  A lich (IceCv)
  A nagaraja (Snake:2)
  A frost giant (D:10)
  2 very ugly things (IceCv)
  A dire elephant (Gauntlet)
  A minotaur (Gauntlet)
  A spriggan zombie (D:15)
  A great orb of eyes (shapeshifter) (Lair:5)
  4 vault guards (D:13)
  A ghost crab (Gauntlet)
  3 hydras
  4 boulder beetles
  A catoblepas (D:12)
  An ogre mage (D:13)
  2 anacondas (Snake:1)
  4 two-headed ogres
  3 centaur warriors
  2 naga warriors (Snake:1)
  A death knight (D:14)
  12 death yaks
  2 tengu warriors
  2 shock serpents (Snake:1)
  A vampire mage (D:15)
  2 naga sharpshooters (Snake:1)
  4 thrashing horrors (Lair:5)
  A goliath frog (Swamp:1)
  3 naga ritualists
  3 skysharks
  2 wizards
  A spriggan simulacrum (IceCv)
  A bog body (IceCv)
  An obsidian statue (IceCv)
  A deep elf pyromancer (D:14)
  2 orc knights
  2 necromancers
  A frost giant zombie (D:15)
  5 orc sorcerers (Orc:2)
  7 ugly things
  3 mana vipers
  3 cyclopes
  3 salamanders (Snake:1)
  A guardian serpent (Snake:1)
  A worldbinder (Gauntlet)
  15 black mambas
  12 elephants
  2 manticores
  An ice statue (Snake:1)
  3 naga magi
  A gargoyle (D:10)
  3 unseen horrors
  3 smoke demons (Lair:5)
  2 large abominations (Lair:5)
  18 cane toads
  2 minotaur zombies (Gauntlet)
  A rime drake (Lair:1)
  Jeremiah (D:6)
  3 efreet
  A kobold demonologist (D:10)
  A yaktaur (Lair:5)
  14 freezing wraiths (IceCv)
  5 anaconda simulacra (IceCv)
  A tengu conjurer (D:15)
  11 komodo dragons
  2 golden dragon simulacra (IceCv)
  3 meliai (D:12)
  2 tyrant leeches
  A hornet (Swamp:1)
  4 trolls
  6 alligator simulacra (IceCv)
  A polar bear (D:7)
  2 raiju (Lair:5)
  34 blink frogs
  2 ynoxinuls (Lair:5)
  A spriggan (shapeshifter) (Lair:5)
  3 dire elephant simulacra (IceCv)
  8 slime creatures
  2 shadows
  2 spriggans
  36 yaks
  3 wraiths
  4 wyverns
  9 small abominations (Lair:5)
  3 humans
  10 basilisks
  Grum (D:10)
  4 steam dragons
  A minotaur simulacrum (IceCv)
  17 nagas
  9 wargs
  2 harpy simulacra (IceCv)
  3 swamp worms
  18 water moccasins
  An acid dragon (D:13)
  20 orc warriors
  A swamp drake (D:9)
  4 hydra simulacra (IceCv)
  A sky beast (D:7)
  An ice beast (D:7)
  An ettin simulacrum (IceCv)
  3 black bears
  2 boggarts (Gauntlet)
  5 ogres
  33 wolves
  16 centaurs
  3 phantoms
  8 kobold brigands
  Blork the orc (D:5)
  12 bullfrogs
  3 scorpions
  3 gnoll sergeants
  4 deep troll simulacra (IceCv)
  A troll zombie (D:11)
  2 killer bees
  A lindwurm simulacrum (IceCv)
  2 electric eels
  A howler monkey (D:10)
  A gnoll bouda (D:10)
  15 hounds
  14 orc priests
  A jelly (Lair:5)
  5 iguanas
  Ijyb (D:3)
  Terence (D:3)
  45 orc wizards
  5 hell rats (Lair:2)
  5 ogre zombies (D:11)
  9 adders
  21 gnolls
  A river rat (D:10)
  2 shadow imps
  A white imp (D:6)
  2 dart slugs
  68 orcs
  3 ball pythons
  12 endoplasms
  6 giant cockroaches
  9 goblins
  12 hobgoblins
  3 jackals (D:2)
  22 kobolds
  2 quokkas (D:3)
  2 bats
  5 frilled lizards
  2 goblin zombies (D:11)
  A hobgoblin skeleton (D:11)
  3 hobgoblin zombies (D:11)
  13 orc zombies (D:11)
  6 rats
819 creatures vanquished.

Vanquished Creatures (others)
  An orc wizard (Orc:2)
1 creature vanquished.

Grand Total: 820 creatures vanquished

Notes
Turn   | Place    | Note
-------+----------+-------------------------------------------
     0 | D:1      | Kurtz the Octopode Fighter began the quest for the Orb.
     0 | D:1      | Reached XP level 1. HP: 16/16 MP: 1/1
   144 | D:1      | Reached XP level 2. HP: 8/21 MP: 2/2
   241 | D:1      | Found Poemug's Armour Shop.
   395 | D:1      | Reached skill level 3 in Axes
   757 | D:2      | Reached XP level 3. HP: 25/26 MP: 3/3
   886 | D:2      | Found a runed translucent door.
   887 | D:2      | Noticed Crazy Yiuf
  1053 | D:2      | Reached skill level 4 in Axes
  1055 | D:2      | Reached XP level 4. HP: 30/31 MP: 4/4
  1276 | D:3      | Found an ancient bone altar of Kikubaaqudgha.
  1686 | D:4      | Reached skill level 5 in Axes
  1686 | D:4      | Reached XP level 5. HP: 25/36 MP: 5/5
  1761 | D:4      | Noticed a black bear
  1768 | D:4      | Killed a black bear
  2007 | D:4      | Reached skill level 6 in Axes
  2020 | D:4      | Reached XP level 6. HP: 22/42 MP: 6/6
  2432 | D:3      | Noticed Ijyb
  2437 | D:3      | Killed Ijyb
  2474 | D:3      | Noticed Terence
  2480 | D:3      | Killed Terence
  2971 | D:3      | Reached skill level 7 in Axes
  3526 | D:5      | Entered Level 5 of the Dungeon
  3582 | D:5      | Found Immikich's Jewellery Boutique.
  3590 | D:5      | Reached XP level 7. HP: 37/46 MP: 7/7
  3757 | D:4      | Reached skill level 8 in Axes
  3760 | D:4      | Learned a level 2 spell: Wereblood
  3902 | D:5      | Noticed Blork the orc
  3933 | D:5      | Killed Blork the orc
  4212 | D:5      | Reached skill level 9 in Axes
  4219 | D:5      | Reached XP level 8. HP: 52/52 MP: 8/8
  4223 | D:5      | Found a sparkling altar of Nemelex Xobeh.
  4418 | D:5      | Found a staircase to the Ecumenical Temple.
  4492 | Temple   | Entered the Ecumenical Temple
  4515 | Temple   | Became a worshipper of Gozag Ym Sagoz the Greedy
  5336 | D:6      | Reached skill level 10 in Axes
  5429 | D:6      | Noticed Jeremiah
  6279 | D:6      | Killed Jeremiah
  6280 | D:6      | Reached skill level 11 in Axes
  6485 | D:6      | Identified the +1 robe "Fef Koow" {rElec rC- Dex+3}
  6510 | D:6      | Reached XP level 9. HP: 56/56 MP: 9/9
  7047 | D:7      | a centaur changed into an entropy weaver
  7047 | D:7      | Noticed an entropy weaver
  7051 | D:7      | an entropy weaver changed into a polar bear
  7051 | D:7      | Noticed a polar bear
  7060 | D:7      | Killed a polar bear
  7094 | D:7      | Reached skill level 12 in Axes
  7619 | D:7      | Reached skill level 5 in Fighting
  8099 | D:5      | Bought a +4 ring of protection for 540 gold pieces
  8187 | D:8      | Reached skill level 5 in Dodging
  8187 | D:8      | Reached XP level 10. HP: 68/68 MP: 10/10
  8379 | D:9      | Found an iron altar of Okawaru.
  8386 | D:9      | Found Beech's CLEARANCE SALE!.
  8997 | D:5      | Bought a ring of poison resistance for 300 gold pieces
  9142 | D:9      | Found a bloodstained altar of Trog.
  9142 | D:9      | Found a burning altar of Makhleb.
  9144 | D:9      | Found a white marble altar of Elyvilon.
  9146 | D:9      | Found a broken altar of Ashenzari.
  9147 | D:9      | Found a basalt altar of Yredelemnul.
  9431 | D:9      | Reached skill level 5 in Shields
  9641 | D:10     | Entered Level 10 of the Dungeon
  9641 | D:10     | Found a staircase to the Lair.
  9808 | D:10     | Found a flagged portal.
  9825 | Bailey   | Entered a bailey
 10313 | Bailey   | Found an iron altar of Okawaru.
 10323 | Bailey   | Identified the +0 quarterstaff of Kytiboid {freeze, rC++
                  | Will+ Dex+2}
 10450 | D:10     | Noticed Sonja
 10461 | D:10     | Sonja changed into Sonja the human
 10461 | D:10     | Noticed Sonja
 10468 | D:10     | Killed Sonja the human
 10469 | D:10     | Reached XP level 11. HP: 68/75 MP: 11/11
 10565 | D:10     | Got an innocuous book
 10620 | D:10     | Noticed a frost giant
 12360 | D:10     | Found Hobbomem's Assorted Antiques.
 12368 | D:10     | Bought a scroll labelled SIKEYTS BE XAOZ for 27 gold pieces
 12368 | D:10     | Bought a scroll of identify for 54 gold pieces
 12368 | D:10     | Bought a scroll of identify for 54 gold pieces
 12388 | D:10     | Noticed Grum
 12404 | D:10     | Killed Grum
 12459 | D:10     | Found Wyseig's Antique Armour Boutique.
 12491 | D:10     | Killed a frost giant
 12734 | D:10     | Reached skill level 10 in Shields
 12930 | D:10     | Noticed a skeletal warrior
 13349 | D:10     | Found Zepn's Antique Weapon Shop.
 13392 | D:10     | Identified the +10 great sword of Duty {speed, rPois}
 13899 | D:10     | Found Paheosed's Antique Armour Emporium.
 14109 | D:5      | Bought an amulet of regeneration for 450 gold pieces
 14109 | D:5      | Bought a ring of protection from fire for 375 gold pieces
 14184 | D:11     | Noticed a boulder beetle
 14284 | D:11     | Killed a boulder beetle
 14379 | D:11     | Noticed a two-headed ogre
 14389 | D:11     | Killed a two-headed ogre
 14472 | Lair:1   | Entered Level 1 of the Lair of Beasts
 14810 | Lair:1   | Reached XP level 12. HP: 79/82 MP: 12/12
 14893 | Lair:1   | Reached skill level 13 in Axes
 15300 | Lair:1   | Noticed a skyshark
 15313 | Lair:1   | Killed a skyshark
 15314 | Lair:1   | Reached skill level 14 in Axes
 16355 | Lair:2   | Reached skill level 15 in Axes
 16363 | Lair:2   | Reached skill level 1 in Transmutations
 16367 | Lair:2   | Reached skill level 1 in Spellcasting
 16502 | Lair:2   | Reached XP level 13. HP: 23/90 MP: 14/14
 17506 | Lair:3   | Found a staircase to the Snake Pit.
 18226 | Lair:3   | Reached skill level 10 in Dodging
 19001 | Lair:3   | Found a staircase to the Swamp.
 19210 | Lair:1   | Bought a scroll of identify for 32 gold pieces
 19210 | Lair:1   | Bought a scroll of identify for 32 gold pieces
 19210 | Lair:1   | Bought 3 scrolls of identify for 96 gold pieces
 19210 | Lair:1   | Bought a scroll of identify for 32 gold pieces
 19219 | Lair:1   | Bought a scroll of teleportation for 48 gold pieces
 19219 | Lair:1   | Bought a scroll of teleportation for 48 gold pieces
 19219 | Lair:1   | Bought a scroll of poison for 64 gold pieces
 19384 | Lair:4   | Found a transporter.
 20171 | Lair:4   | Found a transporter.
 20180 | Lair:3   | Reached XP level 14. HP: 97/97 MP: 15/15
 20274 | Lair:4   | Noticed Ducw's ghost (journeyman DsFE)
 20844 | D:11     | Found a staircase to the Orcish Mines.
 20859 | D:11     | Reached skill level 16 in Axes
 21189 | D:11     | Found an ancient bone altar of Kikubaaqudgha.
 22215 | D:13     | Noticed Rupert
 22736 | D:13     | Reached skill level 17 in Axes
 23597 | D:13     | Found a gate to the Vaults.
 24182 | Lair:1   | Bought a potion of lignification for 54 gold pieces
 24182 | Lair:1   | Bought 2 potions of heal wounds for 180 gold pieces
 24182 | Lair:1   | Bought a potion of haste for 180 gold pieces
 24182 | Lair:1   | Bought a potion of curing for 54 gold pieces
 24182 | Lair:1   | Bought a potion of curing for 54 gold pieces
 24182 | Lair:1   | Bought a potion of heal wounds for 90 gold pieces
 24674 | Lair:4   | Reached skill level 18 in Axes
 24924 | Lair:5   | Entered Level 5 of the Lair of Beasts
 24941 | Lair:5   | Found a runed translucent door.
 25002 | Lair:5   | Found a staircase to the Slime Pits.
 25311 | Lair:5   | Reached XP level 15. HP: 84/102 MP: 19/21
 25594 | Lair:5   | Reached skill level 1 in Stealth
 25784 | Lair:5   | Reached skill level 10 in Fighting
 25993 | Lair:5   | Identified the +11 whip of Purpose {chaos, Fly}
 27040 | Lair:5   | Found a corrupted altar of Lugonu.
 27040 | Lair:5   | Found a one-way gate to the infinite horrors of the Abyss.
 27155 | Lair:5   | Identified the +1 leather armour of Eternal Vigilance
                  | {*Corrode rPois Regen+ Str+6}
 27296 | Orc:1    | Entered Level 1 of the Orcish Mines
 27585 | Orc:1    | Found Naepso Pigg's Jewellery Shop.
 27593 | Orc:1    | Bought the ring of Peifued {rElec Str+2 Int+6} for 704 gold
                  | pieces
 27613 | Orc:2    | Entered Level 2 of the Orcish Mines
 27619 | Orc:2    | Paralysed by an orc sorcerer for 3 turns
 27706 | Orc:2    | Found Haijovvow's Book Shoppe.
 27706 | Orc:2    | Found Zotrue's Weapon Boutique.
 27731 | Orc:2    | Found a staircase to the Elven Halls.
 28101 | Orc:2    | Found Etugh's Distillery.
 28133 | Orc:2    | Bought a potion of heal wounds for 80 gold pieces
 28133 | Orc:2    | Bought a potion of mutation for 128 gold pieces
 28449 | Orc:2    | Found Roetory's General Store.
 28599 | Orc:2    | Bought a scroll of blinking for 105 gold pieces
 28728 | D:14     | Found a transporter.
 28784 | D:14     | Reached skill level 5 in Transmutations
 28832 | D:14     | Found a shadowy altar of Dithmenos.
 28863 | D:14     | Noticed Caciup's ghost (journeyman GrFi)
 28867 | D:14     | Found a transporter.
 29208 | D:14     | Found a white marble altar of Elyvilon.
 29208 | D:14     | Found a glowing silver altar of Zin.
 29208 | D:14     | Found a glowing golden altar of the Shining One.
 29495 | D:15     | Entered Level 15 of the Dungeon
 29598 | D:15     | Found a gate leading to a gauntlet.
 29610 | Gauntlet | Entered a Gauntlet
 29610 | Gauntlet | Found a transporter.
 29610 | Gauntlet | Found a transporter.
 29627 | Gauntlet | Found a transporter.
 29632 | Gauntlet | Found a runed translucent door.
 29640 | Gauntlet | Found a transporter.
 29640 | Gauntlet | Found a transporter.
 29640 | Gauntlet | Found a transporter.
 29642 | Gauntlet | Found a transporter.
 29642 | Gauntlet | Found a transporter.
 29654 | Gauntlet | Found a transporter.
 29670 | Gauntlet | Found a transporter.
 29680 | Gauntlet | Found a transporter.
 29694 | Gauntlet | Found a transporter.
 29728 | Gauntlet | Found a transporter.
 29743 | Gauntlet | Found a transporter.
 29822 | Gauntlet | Identified the +2 hat "Qyskohurau" {Rampage Regen+ SInv}
 29842 | Gauntlet | Learned a level 3 spell: Ozocubu's Armour
 29931 | Gauntlet | Identified the ring of the Telling Gods {Fly rCorr Str-2
                  | Int+6 Dex+3 Stlth+}
 30022 | Gauntlet | Reached XP level 16. HP: 110/114 MP: 23/23
 30082 | D:15     | Found a staircase to the Depths.
 30506 | Snake:1  | Entered Level 1 of the Snake Pit
 30538 | Snake:1  | Reached skill level 5 in Spellcasting
 30568 | Snake:1  | Found a frozen archway.
 30583 | IceCv    | Entered an ice cave
 31427 | IceCv    | Found an ancient bone altar of Kikubaaqudgha.
 31851 | IceCv    | Noticed a lich
 31860 | IceCv    | Killed a lich
 33178 | Snake:2  | Noticed a nagaraja
 33209 | Snake:2  | Killed a nagaraja
 33292 | Snake:2  | Noticed Vashnia
 33624 | Lair:1   | Bought a scroll of brand weapon for 114 gold pieces
 33625 | Lair:1   | Bought a scroll of enchant weapon for 90 gold pieces
 33625 | Lair:1   | Bought a scroll of teleportation for 36 gold pieces
 33625 | Lair:1   | Bought a scroll of fear for 48 gold pieces
 33666 | Swamp:1  | Entered Level 1 of the Swamp
 33667 | Swamp:1  | Noticed a tentacled monstrosity
 33677 | Swamp:1  | Noticed Donald
 33747 | Swamp:1  | HP: 4/104 [Donald/+0 broad axe of draining (49)]
 33747 | Swamp:1  | Slain by Donald

Illustrated notes

Levels and vault maps discovered:
D:1:      dpeg_arrival_rooms_b, layout_basic, serial_shops, shop,
          patterned_corridor
D:2:      layout_basic, uniq_crazy_yiuf_cottage
D:3:      minmay_recursive_quarters, layout_basic,
          mainiacjoe_overflow_tiny_flanked, uniq_ijyb, uniq_terence
D:4:      layout_loops_ring, dk_noncrumbling_2, dk_vineyard_1
D:5:      layout_gridville, nemelex_dance_club_becter,
          minmay_temple_entry_enclosed_plants, serial_shops,
          nicolae_shop_tiny_statue_garden, uniq_blork_the_orc
D:6:      layout_basic, hangedman_decor_diamond_cutter, uniq_jeremiah
D:7:      layout_rooms
D:8:      layout_basic
D:9:      layout_roguey, grunt_temple_overflow_open,
          mainiacjoe_overflow_brackets, nicolae_shop_clearance
D:10:     nzn_winding_woodlands_cross [nzn_winding_woodlands_5x15_sawtooth,
          nzn_winding_woodlands_5x15_pool, nzn_winding_woodlands_5x15_longhouse,
          nzn_winding_woodlands_5x15_pockets,
          nzn_winding_woodlands_15x15_eel_pit], layout_cave_pools,
          erik_lair_orcish_takeover, serial_gnoll_camp, gnoll_camp_mini_house,
          gnoll_camp_mini_hut, gnoll_camp_mini_house, grums_kennel,
          gnoll_camp_mini_loothouse, gnoll_camp_mini_hut, enter_bailey_3,
          serial_shops, shop, nicolae_shop_just_a_little_nook,
          nicolae_shop_advertising_works [nicolae_subvault_shop_adworks], shop,
          uniq_sonja
D:11:     layout_roguey, zombieorc1_lemuel, kiku_gazebo_garden_becter
D:12:     layout_cave_pools
D:13:     layout_layer_cave, grunt_vaults_entry_fortified, uniq_rupert
D:14:     layout_loops_cross, gammafunk_ghost_abyssal_escape,
          good_gods_mini_temple, grunt_dithmenos_smoke_and_mirrors
D:15:     gammafunk_depths_entry_grave, layout_gridville,
          gauntlet_entry_generic, hangedman_abyss_or_decor_lesser_grid
Temple:   minmay_temple_curvy_branch
Lair:1:   layout_long_grid, infiniplex_staircase_pool
Lair:2:   layout_regular_city, grunt_megastairs_1
Lair:3:   layout_cave_pods, minmay_swamp_entry_worms,
          guppyfry_snake_entry_garden, st_stairs_5, cheibrodos_lair_reptile_den,
          lemuel_fruit_tree, grunt_megastairs_5
Lair:4:   layout_regular_city, gammafunk_ghost_arena,
          infiniplex_staircase_pool_2, grunt_megastairs_3
Lair:5:   hellmonk_lair_end_abyssal_woods, layout_loops_ring, slime_entry_2
Swamp:1:  layout_basic_swamp, hangedman_swamp_ruin_wall, uniq_donald
Snake:1:  layout_onion, portal_ice_cave_entry_ice_statue_one
Snake:2:  layout_chambers, grunt_ministairs_3, nicolae_snake_squiggles,
          nicolae_triple_integral, uniq_jorgrun, uniq_vashnia
Orc:1:    layout_caves, serial_shops, nicolae_lakefront_shop
Orc:2:    st_orc_town, layout_caves

Skill      XL: |  1  2  3  4  5  6  7  8  9 10 11 12 13 14 15 16 |
---------------+-------------------------------------------------+-----
Axes           | 3 4 5 6 7 9 11 12 15 18 | 18.0
Fighting       | 6 7 9 11 12 | 12.8
Dodging        | 5 6 11 12 13 | 13.7
Shields        | 7 11 12 14 | 14.1
Transmutations | 1 4 5 |  5.3
Spellcasting   | 1 4 5 |  5.3
Stealth        | 4 |  4.5

Action                     |  1- 3 |  4- 6 |  7- 9 | 10-12 | 13-15 | 16-18 || total
---------------------------+-------+-------+-------+-------+-------+-------++-------
  Melee: War axe           |    58 |   102 |   124 |       |       |       ||   284
         Constrict         |    11 |    19 |    39 |   113 |   143 |    31 ||   356
         Tentacles         |     8 |    22 |    48 |   238 |   481 |   167 ||   964
         Punch             |       |     1 |       |    15 |    30 |     7 ||    53
         Hand axe          |       |       |    48 |   752 |   372 |       ||  1172
         Broad axe         |       |       |       |       |  1083 |   504 ||  1587
  Throw: Dart              |       |       |    29 |    43 |   111 |     2 ||   185
         Boomerang         |       |       |       |     2 |    18 |    12 ||    32
         Throwing net      |       |       |       |       |     1 |       ||     1
         Javelin           |       |       |       |       |       |    19 ||    19
   Cast: Wereblood         |       |       |       |     5 |    52 |    13 ||    70
 Invoke: Call Merchant     |       |       |       |     1 |     2 |     1 ||     4
         Potion Petition   |       |       |       |       |     2 |     1 ||     3
  Evoke: Wand              |       |       |     9 |    25 |    35 |     1 ||    70
         Phial of floods   |       |       |       |       |     2 |     1 ||     3
    Use: Potion            |       |     1 |     4 |     4 |    10 |     2 ||    21
         Scroll            |       |       |     4 |     9 |    26 |     8 ||    47
   Stab: Sleeping          |     5 |     3 |     5 |     8 |     9 |     8 ||    38
         Distracted        |     1 |       |       |     3 |     7 |     6 ||    17
         Paralysed         |       |       |       |       |     9 |       ||     9
         Held in net/web   |       |       |       |       |     1 |       ||     1
 Armour: Skin              |    21 |    61 |    66 |   285 |   474 |   193 ||  1100
  Dodge: Dodged            |    29 |    48 |   100 |   380 |  1017 |   254 ||  1828
  Block: Buckler           |     8 |    12 |    19 |   157 |   378 |   133 ||   707
         Kite shield       |       |       |       |       |       |   105 ||   105
         Reflection        |       |       |       |       |       |    16 ||    16

Table legend: (Time is in decaauts)
 A = Elapsed time spent in this place.
 B = Non-inter-level travel time spent in this place.
 C = Inter-level travel time spent in this place.
 D = Time resting spent in this place.
 E = Time spent auto-exploring this place.
 F = Levels seen in this place.
 G = Mean time per level.
                   A        B        C        D        E       F      G
               +--------+--------+--------+--------+--------+-----+--------+
         Total |  33113 |  30504 |   2609 |   9078 |  13657 |  29 | 1141.8 |
       Dungeon |  18597 |  17017 |   1580 |   5389 |   7830 |  15 | 1239.8 |
        Temple |     45 |      1 |     44 |      0 |      0 |   1 |   45.0 |
          Lair |   9118 |   8309 |    809 |   2261 |   3835 |   5 | 1823.6 |
         Swamp |     44 |     44 |      0 |      0 |      0 |   1 |   44.0 |
     Snake Pit |   1379 |   1307 |     72 |    316 |    610 |   2 |  689.5 |
  Orcish Mines |   1283 |   1182 |    101 |     19 |    876 |   2 |  641.5 |
        Bailey |    582 |    582 |      0 |    321 |    102 |   1 |  582.0 |
      Ice Cave |   1601 |   1601 |      0 |    731 |    268 |   1 | 1601.0 |
      Gauntlet |    459 |    459 |      0 |     40 |    135 |   1 |  459.0 |
               +--------+--------+--------+--------+--------+-----+--------+

Top non-repeatable levels by time:
    D:10: 3618 daAuts
  Lair:3: 2246 daAuts
  Lair:5: 2225 daAuts
     D:6: 1960 daAuts
  Lair:4: 1858 daAuts
    D:13: 1695 daAuts
   IceCv: 1601 daAuts
     D:4: 1481 daAuts
  Lair:1: 1465 daAuts
  Lair:2: 1322 daAuts
     D:9: 1244 daAuts
     D:5: 1172 daAuts
    D:11: 1147 daAuts
     D:7: 1084 daAuts
 Snake:1: 1017 daAuts
